AoeStats
← Khirs

Nomad

507095069Analyzed
4v4 RM · 15d ago on Sep 16, 2026· 85m 27s· 8 players
Game mode
Random Map
Map size
231×231
Population
200
Speed
Normal
Resources
Standard
Victory
Conquest
Starting age
Dark Age
Ending age
Imperial Age
RankedLock teamsTeams togetherTeam positionsShared explorationLock speedFull tech treeHidden civsTurbo modeCheats
Victory
Defeat
🇻🇳 Spanish · Vietnam
787
+14
🇻🇳 Huns · Vietnam
781
+14
🇸🇦 Franks · Saudi Arabia
758
+15
🇻🇳 Sicilians · Vietnam
695
+19
🇪🇸 Chinese · Spain
779
-17
🇬🇧 Gurjaras · United Kingdom
742
-15
🇵🇱 Maya · Poland
729
-15
🇹🇷 Bengalis · Türkiye
726
-15
xTc
14:50 Feudal Age
19:41 Man-at-Arms
23:45 Scale Barding Armor
23:41 Scale Mail Armor
25:23 Fishing Lines
27:36 Forging
29:47 Double-Bit Axe
36:01 Castle Age
applerutz20052001
7:15 Loom
22:06 Feudal Age
22:35 Double-Bit Axe
25:37 Scale Mail Armor
25:58 Forging
27:59 Castle Age
26:31 Horse Collar
26:49 Fletching
27:00 Padded Archer Armor
27:56 Gold Mining
28:46 Husbandry
29:50 Scale Barding Armor
29:08 Light Cavalry
29:52 Squires
29:40 Arson
31:00 Wheelbarrow
31:06 Bow Saw
31:31 Bloodlines
33:06 Chain Mail Armor
32:57 Heavy Plow
35:00 Fishing Lines
35:48 Gillnets
36:56 Gold Shaft Mining
36:10 Gambesons
37:49 Hand Cart
37:48 Stone Mining
38:25 Pikeman
42:30 Iron Casting
48:11 Imperial Age
47:30 Ballistics
48:13 Bodkin Arrow
48:34 Leather Archer Armor
48:19 Murder Holes
49:53 Plate Mail Armor
50:24 Blast Furnace
48:54 Halberdier
52:51 Chemistry
51:15 Heavy Scorpion
54:28 Elite Serjeant
55:29 First Crusade
58:58 Cavalier
60:04 Chain Barding Armor
60:41 Town Watch
67:04 Plate Barding Armor
66:53 Heated Shot
66:48 Arrowslits
73:19 Elite Skirmisher
74:13 Bracer
81:09 Hauberk
85:42 Town Patrol
K o h i m e
15:19 Feudal Age
19:06 Double-Bit Axe
26:30 Castle Age
53:07 Coinage
73:39 Elite Skirmisher
Muscle Boy
15:40 Feudal Age
26:38 Double-Bit Axe
30:09 Castle Age
31:32 Scale Mail Armor
31:38 Scale Barding Armor
34:29 Wheelbarrow
35:24 Gold Mining
35:46 Marauders
41:42 Imperial Age
41:46 Gold Shaft Mining
49:37 Hand Cart
62:42 Chain Barding Armor
69:44 Bow Saw
Thermic_Marlin
MyR3alName
4:57 Loom
14:56 Feudal Age
16:15 Wheelbarrow
25:20 Castle Age
24:22 Scale Mail Armor
26:35 Hand Cart
36:02 Double-Bit Axe
36:50 Padded Archer Armor
39:20 Leather Archer Armor
40:23 Fletching
42:14 Bow Saw
43:52 Bodkin Arrow
49:23 Imperial Age
47:18 Ballistics
49:58 Horse Collar
50:51 Heavy Plow
53:58 Two-Man Saw
53:01 Bracer
54:22 Ring Archer Armor
57:56 Elite Plumed Archer
67:07 Pikeman
75:33 Crop Rotation
77:08 Forging
77:14 Chain Mail Armor
77:56 Hul'che Javelineers
79:20 Chemistry
78:27 Gold Mining
78:27 Stone Mining
81:18 Iron Casting
umut.hsn
15:18 Feudal Age
14:42 Loom
16:50 Double-Bit Axe
16:58 Man-at-Arms
19:17 Scale Mail Armor
25:26 Forging
27:47 Castle Age
29:52 Bow Saw
29:54 Gold Mining
37:45 Scale Barding Armor
37:56 Chain Mail Armor
39:01 Iron Casting
48:24 Chain Barding Armor
50:06 Masonry
57:28 Imperial Age
55:35 Wheelbarrow
56:06 Husbandry
56:17 Bloodlines
56:49 Fletching
59:36 Plate Barding Armor
59:20 Paiks
59:40 Conscription
Khirs
6:52 Loom
19:35 Feudal Age
19:40 Man-at-Arms
22:52 Forging
29:05 Double-Bit Axe
30:17 Fishing Lines
35:13 Castle Age
34:12 Fletching
36:09 Bow Saw
35:55 Pikeman
36:29 Horse Collar
39:04 Stone Mining
43:17 Bodkin Arrow
46:31 Imperial Age
44:29 Padded Archer Armor
45:27 Murder Holes
46:24 Ballistics
46:51 Scale Mail Armor
46:56 Halberdier
48:54 Two-Man Saw
49:10 Chemistry
48:27 Thumb Ring
49:58 Capped Ram
51:04 Bracer
52:58 Conscription
58:11 Rocketry
58:41 Wheelbarrow
58:37 Great Wall
58:53 Masonry
59:46 Elite Chu Ko Nu
64:11 Leather Archer Armor
64:32 Iron Casting
63:58 Heavy Scorpion
66:46 Siege Ram
74:16 Chain Mail Armor
75:02 Blast Furnace
74:28 Hand Cart
77:12 Arson
Connection lost

Rejoining the realm…

Still unreachable

The connection could not be restored.

Session expired

The server has moved on; the page needs a fresh start.